 Dungeon Crawl Stone Soup version 0.17.0-56-gd8de76c (webtiles) character file.

114 JokEr the Ruffian (level 4, -11/34 (38) HPs)
             Began as a Ghoul Monk on Dec 6, 2015.
             Mangled by Duvessa
             ... wielding a +0 short sword
              (13 damage)
             ... on level 4 of the Dungeon.
             The game lasted 00:05:59 (2254 turns).

JokEr the Ruffian (Ghoul Monk)                      Turns: 2254, Time: 00:05:59

HP:   -11/34 (38)   AC:  2    Str: 15    XL:     4   Next: 98%
MP:   3/3           EV: 12    Int:  5    God:
Gold: 69            SH:  0    Dex:  8    Spells: 0 memorised, 3 levels left

rFire  . . .     SeeInvis .       - Unarmed
rCold  + . .     Clarity  .     a - +0 robe
rNeg   + + +     SustAt   .     (no shield)
rPois  ∞         Gourm    .     (no helmet)
rElec  .         Spirit   .     (no cloak)
rCorr  .         Warding  .     (no gloves)
rMut   .         Stasis   .     (no boots)
MR     .....                    (no amulet)
Stlth  ++........               (no ring)
                                h - -3 ring of dexterity (curse)

@: rotting, not resistant to hostile enchantments, unstealthy
A: rotting body, claws 1, carnivore 3, cold resistance 1, negative energy
resistance 3, slow regeneration 1, torment resistance, unbreathing
a: no special abilities


You were on level 4 of the Dungeon.
You were hungry.

You visited 1 branch of the dungeon, and saw 3 of its levels.

You collected 69 gold pieces.

Inventory:

Armour
 a - a +0 robe (worn)
Jewellery
 h - a cursed -3 ring of dexterity (left claw)
Scrolls
 f - a scroll of remove curse
Potions
 c - a potion of flight
 g - a potion of cure mutation {unknown}
Comestibles
 b - 3 meat rations


   Skills:
 - Level 3.4 Fighting
 - Level 3.0 Dodging
 - Level 2.2 Stealth
 + Level 6.3 Unarmed Combat


You had 3 spell levels left.
You didn't know any spells.

Dungeon Overview and Level Annotations

Branches:
Dungeon (4/15)
 Temple: D:4-7

Altars:

Annotations:
D:4 Duvessa


Innate Abilities, Weirdness & Mutations

Your body is rotting away.
You thrive on raw meat.
You are immune to poison.
You have sharp fingernails.
You are carnivorous and can eat meat at any time.
Your flesh is cold resistant.
You are immune to negative energy.
You regenerate slowly when monsters are visible.
You are immune to unholy pain and torment.
You can survive without breathing.


Message History

You barely miss the adder. The adder bites you but does no damage.
You claw the adder! Your claw misses the adder.
The adder is severely wounded.
The adder bites you. The adder bites you but does no damage.
You miss the adder.
The adder is severely wounded.
The adder closely misses you.
You claw the adder!
You kill the adder!
Eat which item? (? for menu, Esc to quit)
Okay, then.
You are feeling hungry.
Duvessa goes berserk!
Duvessa hits you with a short sword. Duvessa hits you with a short sword!
You barely miss Duvessa. Duvessa hits you with a short sword!
* * * LOW HITPOINT WARNING * * *
You closely miss Duvessa. Duvessa hits you with a short sword.
* * * LOW HITPOINT WARNING * * *
You closely miss Duvessa. Duvessa hits you with a short sword!
You die...

#.# #.............
#.#####........>.#
#...)............#
######...........#
#...........#
#...........#
#...........#
#...........#
#@e.........#
##..........#
##..........#
#......)....#
#.........###
#.........#
#.........#
#.........#
#.........#


You could see Duvessa (berserk).

Vanquished Creatures
  Dowan (D:4)
  A centaur skeleton (D:4)
  An adder (D:4)
  2 giant cockroaches (D:1)
  10 goblins
  A hobgoblin (D:2)
  2 jackals (D:2)
  5 kobolds
  A ball python (D:1)
  3 bats
  2 giant newts
  4 rats (D:1)
33 creatures vanquished.

Notes
Turn   | Place    | Note
--------------------------------------------------------------
     0 | D:1      | JokEr the Ghoul Monk began the quest for the Orb.
     0 | D:1      | Reached XP level 1. HP: 19/19 MP: 0/0
   177 | D:1      | Reached XP level 2. HP: 25/25 MP: 1/1
  1032 | D:2      | Reached XP level 3. HP: 22/29 MP: 2/2
  1041 | D:2      | Reached skill level 5 in Unarmed Combat
  1601 | D:2      | You fall through a shaft for 2 floors!
  1721 | D:4      | Noticed Duvessa
  1722 | D:4      | Noticed Dowan
  1748 | D:4      | Killed Dowan
  1748 | D:4      | Reached skill level 6 in Unarmed Combat
  1748 | D:4      | Reached XP level 4. HP: 3/35 MP: 3/3
  2254 | D:4      | Mangled by Duvessa

Action                   |  1- 3 |  4- 6 || total
-------------------------+-------+-------++-------
Melee: Unarmed           |    72 |     8 ||    80
  Use: Scroll            |     4 |       ||     4
       Potion            |     1 |       ||     1
 Stab: Sleeping          |     2 |       ||     2
  Eat: Chunk             |    11 |       ||    11
